 Dungeon Crawl Stone Soup version 0.30-a0-528-g8c47a4955b (webtiles) character file.

Game seed: 18398349739504301960

6 jlumianski the Trooper (level 1, -3/18 HPs)
             Began as a Demonspawn Fighter on Dec 24, 2022.
             Slain by a worm (5 damage)
             ... on level 2 of the Dungeon.
             The game lasted 00:00:28 (81 turns).

jlumianski the Trooper (Demonspawn Fighter)           Turns: 81, Time: 00:00:28

Health: -3/18      AC:  6    Str: 16    XL:     1   Next: 75%
Magic:  1/1        EV:  8    Int:  9    God:
Gold:   12         SH:  4    Dex: 12    Spells: 0/0 levels left

rFire   . . .      SeeInvis .    a - +0 war axe
rCold   . . .      Faith    .    c - +0 buckler
rNeg    . . .      Spirit   .    b - +0 scale mail
rPois   .          Reflect  .    (no helmet)
rElec   .          Harm     .    (no cloak)
rCorr   .          Rampage  .    (no gloves)
Will    .....                    (no boots) Stlth
                                 (no amulet)
HPRegen 0.23/turn                (no ring)
MPRegen 0.07/turn                (no ring)

@: no status effects
A: no striking features
a: no special abilities


You were on level 2 of the Dungeon.
You visited 1 branch of the dungeon, and saw 2 of its levels.

You collected 12 gold pieces.

Inventory:

Hand Weapons
 a - a +0 war axe (weapon)
Armour
 b - a +0 scale mail (worn)
 c - a +0 buckler (worn)
Potions
 d - a potion of might


   Skills:
 + Level 3.1 Fighting
 + Level 1.9 Axes
 + Level 2.8 Armour
 + Level 2.8 Shields


You couldn't memorise any spells.
You didn't know any spells.
Your spell library was empty.

Dungeon Overview and Level Annotations

Branches:
Dungeon (2/15)

Altars:


Message History

You see here a dart slug corpse.
You see here a dart slug corpse.
You now have 12 gold pieces.
There is a stone staircase leading down here.
You climb downwards.
Found a green potion, a book of the Tundra and a scroll labelled LAPPULITUD.
There is a stone staircase leading up here.
A kobold comes into view. It is wielding a +0 short sword.
Found a lumpy coppery potion.
The kobold shouts!
The kobold throws a stone.
The stone barely misses you.
Found 8 gold pieces.
You see here a book of the Tundra.
The kobold throws a stone.
The stone hits you but does no damage.
You see here a scroll labelled LAPPULITUD.
A worm comes into view.
Found 3 poisoned darts.
You hit the kobold.
The kobold is moderately wounded.
The kobold barely misses you.
You hit the kobold.
You kill the kobold!
Things that are here:
a +0 short sword; 4 stones; a kobold corpse
Things that are here:
a +0 short sword; 4 stones; a kobold corpse You hit the worm.
The worm is lightly wounded.
The worm bites you!
Ouch! That really hurt!
You hit the worm.
The worm is moderately wounded.
The worm bites you!
* * * LOW HITPOINT WARNING * * *
You barely miss the worm.
The worm is lightly wounded.
You slash the worm!
The worm is severely wounded.
The worm bites you.
You die...

##......#
##.......
##.......##
#..$......#
#.!.......#
.###.........#
.(...........#
#.........#
#..##.w@....##
..........?..#
####......:..#
#.........#
#......<..#
#.........#
##.....!.##
##.....##
#######


You could see a worm.

Vanquished Creatures
  A dart slug (D:1)
  An endoplasm (D:1)
  A giant cockroach (D:1)
  A kobold (D:2)
4 creatures vanquished.

Notes
Turn   | Place    | Note
-------+----------+-------------------------------------------
     0 | D:1      | jlumianski the Demonspawn Fighter began the quest for the
                  | Orb.
     0 | D:1      | Reached XP level 1. HP: 18/18 MP: 1/1
    81 | D:2      | Slain by a worm

Illustrated notes

Levels and vault maps discovered:
D:1:      minmay_arrival_plants_in_alcoves, layout_basic
D:2:      layout_rooms

Action                   || total
-------------------------++-------
Melee: War axe           ||    15
Armor: Scale mail        ||     6
Dodge: Dodged            ||     4

Table legend: (Time is in decaauts)
 A = Elapsed time spent in this place.
 B = Non-inter-level travel time spent in this place.
 C = Inter-level travel time spent in this place.
 D = Time resting spent in this place.
 E = Time spent auto-exploring this place.
 F = Levels seen in this place.
 G = Mean time per level.
                   A        B        C        D        E       F      G
               +--------+--------+--------+--------+--------+-----+--------+
         Total |     87 |     87 |      0 |      0 |     20 |   2 |   43.5 |
       Dungeon |     87 |     87 |      0 |      0 |     20 |   2 |   43.5 |
               +--------+--------+--------+--------+--------+-----+--------+

Top non-repeatable levels by time:
     D:1: 70 daAuts
     D:2: 17 daAuts
